 Dungeon Crawl Stone Soup version 0.30.1-3-gfc49f6343a (webtiles) character file.

Game seed: 2383494814330425475

1043 Wiggles the Cleaver (level 8, 0/64 HPs)
             Began as a Minotaur Berserker on July 25, 2023.
             Was an Elder of Trog.
             Slain by a gnoll sergeant
             ... wielding a +0 trident
              (14 damage)
             ... on level 6 of the Dungeon.
             The game lasted 00:07:54 (4511 turns).

Wiggles the Cleaver (Minotaur Berserker)            Turns: 4511, Time: 00:07:55

Health: 0/64       AC: 17    Str: 25    XL:     8   Next: 4%
Magic:  7/7        EV:  9    Int:  6    God:    Trog [****..]
Gold:   158        SH:  0    Dex: 15    Spells: 7/7 levels left

rFire   . . .        y - +0 war axe
rCold   . . .        (no shield)
rNeg    . . .        B - +4 chain mail "Koekka" {Harm Fly Int+2 Stlth+}
rPois   .            (helmet restricted)
rElec   .            (no cloak)
rCorr   .            n - +0 pair of gloves
SInv    .            (no boots)
Will    .....        (no amulet) Stlth
                     d - +4 ring of protection
HPRegen 0.30/turn    p - +6 ring of dexterity
MPRegen 0.10/turn

%: harm (+30% outgoing, +20% incoming)
@: flying
A: horns 2, retaliatory headbutt
a: Renounce Religion, Berserk, Trog's Hand, Brothers in Arms


You were on level 6 of the Dungeon.
You worshipped Trog.
Trog was greatly pleased with you.
You visited 1 branch of the dungeon, and saw 6 of its levels.

You collected 158 gold pieces.

Inventory:

Hand Weapons
 y - a +0 war axe (weapon)
Missiles
 c - 11 poisoned darts (quivered)
Armour
 n - a +0 pair of gloves (worn)
 z - a +0 chain mail
 B - the +4 chain mail "Koekka" (worn) {Harm Fly Int+2 Stlth+}
   (You found it on level 5 of the Dungeon)

   Int:       It affects your intelligence (+2).
   Fly:       It grants you flight.
   Harm:      It increases damage dealt and taken.
   Stlth:     It makes you more stealthy.
Jewellery
 d - a +4 ring of protection (left hand)
 p - a +6 ring of dexterity (right hand)
Scrolls
 b - a scroll of identify {unknown}
 g - a scroll of immolation {unknown}
 i - 3 scrolls of enchant armour {unknown}
 j - a scroll of butterflies {unknown}
 k - 2 scrolls of enchant weapon {unknown}
 o - a scroll of vulnerability {unknown}
 r - a scroll of noise {unknown}
 t - a scroll of fear {unknown}
 v - a scroll of magic mapping {unknown}
 x - a scroll of teleportation {unknown}
 A - a scroll of silence {unknown}
Potions
 a - 2 potions of magic {unknown}
 e - a potion of invisibility {unknown}
 f - 2 potions of berserk rage {unknown}
 h - 3 potions of curing {unknown}
 l - 2 potions of attraction {unknown}
 m - 4 potions of heal wounds {unknown}
 q - 2 potions of degeneration {unknown}
 s - 3 potions of might {unknown}
 u - 2 potions of mutation {unknown}
 w - 3 potions of brilliance {unknown}
 C - 2 potions of lignification {unknown}


   Skills:
 - Level 3.6 Fighting
 + Level 11.7 Axes
 - Level 2.4 Armour
 - Level 2.1 Dodging


You had 7 spell levels left.
You didn't know any spells.
Your spell library was empty.

Dungeon Overview and Level Annotations

Branches:
Dungeon (6/15)             Temple (0/1) D:5

Altars:
Ashenzari
Nemelex Xobeh
Sif Muna
Wu Jian

Shops:
D:1 *


Innate Abilities, Weirdness & Mutations

You have a pair of horns on your head.
You reflexively headbutt those who attack you in melee.


Message History

You are held in a net!
You are held in a net!
You are held in a net!
You tear a large gash into the net.
The gnoll shouts!
You shred the net and break free! You closely miss the gnoll.
You headbutt the gnoll.
The gnoll is moderately wounded.
The gnoll closely misses you.
You hit the gnoll.
The gnoll is moderately wounded.
You hear the slow rusting of a distant drain.
The gnoll hits you with a +0 flail! The gnoll attacks as you move away!
The gnoll barely misses you. You furiously retaliate!
You headbutt the gnoll!
You kill the gnoll!
Trog accepts your kill. The gnoll barely misses you.
The gnoll sergeant hits you with a +0 trident!
You hit the gnoll but do no damage.
You hit the gnoll sergeant but do no damage.
The gnoll hits you from afar with a +0 halberd.
The gnoll sergeant hits you with a +0 trident.
The gnoll misses you. The gnoll hits you but does no damage.
The gnoll sergeant hits you but does no damage.
Things that are here:
a +0 flail; a gnoll corpse You slash the gnoll!
You kill the gnoll!
Trog accepts your kill.
You hit the gnoll.
You hit the gnoll sergeant but do no damage.
The gnoll hits you with a +0 whip.
The gnoll sergeant hits you with a +0 trident!
* * * LOW HITPOINT WARNING * * *
The gnoll sergeant blocks your attack.
You hit the gnoll. The gnoll hits you with a +0 whip.
* * * LOW HITPOINT WARNING * * *
The gnoll sergeant hits you with a +0 trident!
You die...

#.#..# #..# #..###
#....# . #.##.## ..
#.##..############..#
#................)...
#######.#####.g....##
#... #@g...## ###.#
#)....# .# #...### .
...## ...... ......
...... .#......


You could see a gnoll sergeant and a gnoll.

Vanquished Creatures
  Edmund (D:4)
  2 ogres
  2 scorpions
  A vampire bat (D:4)
  A jelly (D:4)
  A sleepcap (D:4)
  2 hounds
  4 iguanas
  2 orc wizards (D:3)
  6 adders
  8 gnolls
  4 worms
  6 dart slugs
  3 orcs
  2 spectral bats (D:4)
  6 ball pythons
  3 bat skeletons (D:4)
  A bat zombie (D:4)
  4 endoplasms
  3 fire bats (D:4)
  8 giant cockroaches
  4 hobgoblins
  3 jackals (D:1)
  7 kobolds
  4 quokkas
  11 bats
  A bat simulacrum (D:4)
  5 frilled lizards
  6 goblins
  6 rats
117 creatures vanquished.

Notes
Turn   | Place    | Note
-------+----------+-------------------------------------------
     0 | D:1      | Wiggles the Minotaur Berserker began the quest for the Orb.
     0 | D:1      | Reached XP level 1. HP: 19/19 MP: 0/0
   158 | D:1      | Reached skill level 4 in Axes
   292 | D:1      | Reached XP level 2. HP: 26/26 MP: 1/1
   343 | D:1      | Found Nilawase's Assorted Antiques.
   458 | D:1      | Reached skill level 5 in Axes
   485 | D:1      | Reached XP level 3. HP: 30/31 MP: 2/2
   568 | D:1      | Reached ** piety under Trog
   874 | D:2      | Reached skill level 6 in Axes
   874 | D:2      | Reached XP level 4. HP: 18/39 MP: 3/3
  1020 | D:2      | You fall into a shaft and drop 1 floor!
  1020 | D:3      | Found a faded altar of an unknown god.
  1545 | D:3      | Noticed an ogre
  1550 | D:3      | Killed an ogre
  1551 | D:3      | Reached skill level 7 in Axes
  1551 | D:3      | Reached XP level 5. HP: 45/45 MP: 4/4
  1704 | D:3      | Found a shimmering blue altar of Sif Muna.
  1732 | D:3      | Reached skill level 8 in Axes
  2366 | D:4      | Reached XP level 6. HP: 51/51 MP: 5/5
  2482 | D:4      | Reached *** piety under Trog
  2661 | D:4      | Noticed Edmund
  2672 | D:4      | Killed Edmund
  2673 | D:4      | Reached skill level 9 in Axes
  2781 | D:4      | Reached XP level 7. HP: 39/57 MP: 6/6
  3011 | D:4      | Reached skill level 10 in Axes
  3841 | D:4      | Reached **** piety under Trog
  4052 | D:5      | Entered Level 5 of the Dungeon
  4058 | D:5      | Reached skill level 11 in Axes
  4173 | D:5      | Found a broken altar of Ashenzari.
  4183 | D:5      | Identified the +4 chain mail "Koekka" {Harm Fly Int+2
                  | Stlth+}
  4195 | D:5      | Found a staircase to the Ecumenical Temple.
  4410 | D:5      | Found an ornate altar of the Wu Jian Council.
  4443 | D:5      | Found a sparkling altar of Nemelex Xobeh.
  4498 | D:6      | Reached XP level 8. HP: 63/64 MP: 7/7
  4511 | D:6      | Slain by a gnoll sergeant

Illustrated notes

Levels and vault maps discovered:
D:1:      minmay_arrival_nine_rooms, layout_basic, serial_shops, shop
D:2:      layout_basic, serial_curves, eino_curves_02, eino_curves_04,
          corexii_leaking_fountain
D:3:      layout_loops_ring, kennysheep_orc_sif_temple,
          hellmonk_ecumenical_altar_pennies_from_heaven,
          chequers_decorated_corner
D:4:      minmay_evil_eye, layout_layer_cave, goddamned_bats, uniq_edmund
D:5:      layout_rooms, kennysheep_mini_moat, lemuel_coloured_pillars_altar,
          lemuel_round_altar, minmay_temple_entry_gardened_gates
D:6:      layout_basic, nicolae_uskayaw_murder_on_the_dancefloor,
          gup_sewer_entry_spiral

Skill      XL: |  1  2  3  4  5  6  7 |
---------------+----------------------+-----
Axes           | 4 5 6 7 8 9 11 | 11.7
Fighting       | |  3.6
Armour         | |  2.4
Dodging        | |  2.1

Action                     |  1- 3 |  4- 6 |  7- 9 || total
---------------------------+-------+-------+-------++-------
  Melee: Hand axe          |    52 |    72 |       ||   124
         Headbutt          |     6 |    13 |    15 ||    34
         Punch             |       |     1 |     1 ||     2
         War axe           |       |    21 |    73 ||    94
  Throw: Boomerang         |    34 |    33 |       ||    67
         Dart              |       |    25 |    17 ||    42
 Invoke: Berserk           |     1 |     2 |       ||     3
 Armour: Animal skin       |    10 |       |       ||    10
         Scale mail        |    23 |    35 |    39 ||    97
         Chain mail        |       |       |     6 ||     6
  Dodge: Dodged            |    42 |    32 |    55 ||   129
